 Dungeon Crawl Stone Soup version 0.21.1-1-g345015f (webtiles) character file.

153132 shakethe the Lord of Darkness (level 17, -5/135 HPs)
             Began as a Demonspawn Necromancer on Feb 19, 2018.
             Was the Champion of Kikubaaqudgha.
             Killed from afar by Aizul (29 damage)
             ... with a poison arrow
             ... on level 2 of the Swamp.
             The game lasted 02:58:11 (35973 turns).

shakethe the Lord of Darkness (DsNe)               Turns: 35973, Time: 02:58:12

Health: -5/135     AC: 16    Str: 11    XL:     17   Next: 4%
Magic:  4/42       EV: 17    Int: 35    God:    Kikubaaqudgha [******]
Gold:   2503       SH:  0    Dex: 14    Spells: 6/39 levels left

rFire    x . .     SeeInvis .   R - +5 pair of quick blades "Gyre" and "Gimble" {pierce, Dex-3}
rCold    + . .     Gourm    .   (shield currently unavailable)
rNeg     + . .     Faith    .   O - +0 acid dragon scales
rPois    .         Spirit   .   F - +3 hat of Pondering {ponderous, MR+ MP+10 Int+5}
rElec    .         Reflect  .   p - +0 cloak
rCorr    +         Harm     .   r - +0 pair of gloves
MR       +++..                  (boots unavailable)
Stlth    +++++.....             o - macabre finger necklace {rN+}
HPRegen  0.72/turn              t - ring "Vyllyutef" {Ice Int+4 Dex+3 Stlth-}
MPRegen  0.28/turn              W - +3 ring of protection
                                y - ring of Lizuuleo {MR+ Int+5}

@: lethally poisoned (-5 -> -14), very slightly contaminated, hasted, very quick
A: talons 3, icy blue scales 2, blink, deformed body, nightstalker 2,
regeneration 1
a: Blink, Receive Corpses, Torment, Renounce Religion


You were on level 2 of the Swamp.
You worshipped Kikubaaqudgha.
Kikubaaqudgha was exalted by your worship.
You were not hungry.

You visited 5 branches of the dungeon, and saw 26 of its levels.
You also visited: Labyrinth and Ice Cave.

You collected 2503 gold pieces.

Inventory:

Hand Weapons
 R - the +5 pair of quick blades "Gyre" and "Gimble" (weapon) {pierce, Dex-3}
   (You took it off a minotaur in a labyrinth)

   It inflicts extra damage upon your enemies.
   It affects your dexterity (-3).
Missiles
 C - 2 throwing nets {=f, !d}
Armour
 p - a +0 cloak (worn)
   (You found it on level 3 of the Lair of Beasts)
 r - a +0 pair of gloves (worn)
   (You found it on level 3 of the Dungeon)
 F - the +3 hat of Pondering (worn) {ponderous, MR+ MP+10 Int+5}
   (You took it off Gastronok on level 3 of the Lair of Beasts)

   It affects your intelligence (+5).
   It affects your resistance to hostile enchantments.
   It affects your magic capacity (+10).
 O - +0 acid dragon scales (worn)
   (You found it on level 11 of the Dungeon)
Jewellery
 o - the macabre finger necklace (around neck) {rN+}
   (You found it on level 6 of the Lair of Beasts)

   [amulet of nothing]

   It protects you from negative energy.
 t - the ring "Vyllyutef" (left hand) {Ice Int+4 Dex+3 Stlth-}
   (You found it on level 6 of the Lair of Beasts)

   [ring of ice]

   It enhances your ice magic.
   It affects your intelligence (+4).
   It affects your dexterity (+3).
   It makes you vulnerable to fire.
   It protects you from cold.
   It makes you less stealthy.
 y - the ring of Lizuuleo (on amulet) {MR+ Int+5}
   (You found it on level 6 of the Lair of Beasts)

   [ring of protection from magic]

   It affects your intelligence (+5).
   It affects your resistance to hostile enchantments.
 B - an uncursed ring of protection from fire {unknown}
   (You found it on level 1 of the Swamp)
 N - a cursed -2 ring of strength {unknown}
   (You found it on level 1 of the Swamp)
 W - a +3 ring of protection (right hand)
   (You found it on level 2 of the Lair of Beasts)
Wands
 v - a wand of digging (14)
   (You found it on level 11 of the Dungeon)
 x - a wand of enslavement (41)
   (You found it on level 4 of the Dungeon)
 z - a wand of acid (7)
   (You found it on level 13 of the Dungeon)
 E - a wand of flame (64)
   (You found it on level 7 of the Dungeon)
 J - a wand of scattershot (7)
   (You found it on level 2 of the Lair of Beasts)
 K - a wand of paralysis (30)
   (You took it off an orc wizard on level 9 of the Dungeon)
 L - a wand of disintegration (26)
   (You took it off Erolcha on level 9 of the Dungeon)
 U - a wand of iceblast (26)
   (You took it off Psyche on level 11 of the Dungeon)
 Y - a wand of clouds (4)
   (You found it on level 5 of the Lair of Beasts)
Scrolls
 a - a scroll of identify
 b - a scroll of enchant armour
 e - 3 scrolls of fog
 g - 6 scrolls of teleportation
 i - 3 scrolls of immolation {!r}
 k - 2 scrolls of magic mapping {!r}
 n - 9 scrolls of remove curse
 A - 4 scrolls of enchant weapon
 H - 2 scrolls of amnesia
 I - a scroll of brand weapon
 Q - a scroll of fear
 T - 3 scrolls of silence
 X - a scroll of vulnerability {!r!r}
Potions
 d - 6 potions of curing
 f - 4 potions of flight
 h - 2 potions of magic
 j - 5 potions of lignification {!q}
 m - a potion of agility
 q - a potion of ambrosia
 s - a potion of invisibility
 w - 3 potions of heal wounds
 D - 2 potions of might
 P - 5 potions of haste
Books
 M - a book of Air
   (You found it in a labyrinth)
Miscellaneous
 G - a fan of gales
   (You found it on level 2 of the Lair of Beasts)
 S - a phial of floods
   (You found it on level 10 of the Dungeon)
Comestibles
 c - 28 rations


   Skills:
 + Level 12.5 Fighting
 + Level 1.9 Short Blades
 - Level 7.0 Armour
 + Level 9.8 Dodging
 - Level 9.4 Stealth
 + Level 11.8 Spellcasting
 - Level 4.6 Conjurations
 + Level 14.1 Necromancy
 - Level 4.1 Translocations
 - Level 10.7 Earth Magic


You had 6 spell levels left.
You knew the following spells:

 Your Spells              Type           Power        Failure   Level  Hunger
a - Pain                  Necr           ####         0%          1    None
b - Borgnjor's Vile Clut  Necr/Erth      #######...   1%          5    None
c - Animate Dead          Necr           N/A          1%          4    None
d - Dispel Undead         Necr           #######.     1%          5    None
e - Blink                 Tloc           N/A          1%          2    None
f - Bolt of Draining      Conj/Necr      ######....   1%          5    None
m - Sublimation of Blood  Necr           #######...   0%          2    None
r - Regeneration          Chrm/Necr      ######....   1%          3    None
s - Swiftness             Chrm/Air       ###.....     4%          2    None
x - Vampiric Draining     Necr           #######...   1%          3    None
A - Animate Skeleton      Necr           N/A          0%          1    None


Dungeon Overview and Level Annotations

Branches:
Dungeon (15/15)            Temple (1/1) D:6            Lair (6/6) D:11
  Swamp (2/4) Lair:2        Snake (0/4) Lair:3        Slime (0/5) Lair:6
    Orc (2/2) D:9             Elf (0/3) Orc:2        Vaults (0/5) D:13
 Depths (0/5) D:15

Altars:
Ashenzari
Cheibriados
Dithmenos
Elyvilon
Fedhas
Gozag
Hepliaklqana
Kikubaaqudgha
Makhleb
Nemelex Xobeh
Okawaru
Qazlal
Ru
Sif Muna
Trog
Uskayaw
Vehumet
Wu Jian
Xom
Yredelemnul
Zin
The Shining One
Beogh

Shops:
D:10 !   D:14 %   Orc:2 %*%[

Annotations:
Swamp:2 Aizul


Innate Abilities, Weirdness & Mutations

You have claws for feet.
You are mostly covered in icy blue scales. (AC +3)
You are significantly more attuned to the shadows.
You can translocate small distances at will.
Armour fits poorly on your strangely shaped body.
Your natural rate of healing is unusually fast.


Message History

The six-headed hydra bites you but does no damage.
You take 5 damage, and have 75/135 hp.
The bog body barely misses you.
The bog body touches you but does no damage.
A shambling mangrove comes into view.
You enter the shallow water.
Moving in this stuff is going to be slow.
The bog body points at you and mumbles some strange words.
The bolt of cold misses you. The slime creature hits you!
The six-headed hydra bites you.
The six-headed hydra bites you but does no damage. x3
The six-headed hydra bites you.
The six-headed hydra completely misses you.
You hear a shout!
A six-headed hydra comes into view.
You take 18 damage, and have 58/135 hp.
Two slime creatures merge to form a very large slime creature.
The six-headed hydra bites you but does no damage.
The six-headed hydra barely misses you. x2; The six-headed hydra misses you.
The six-headed hydra barely misses you.
The six-headed hydra bites you but does no damage.
Unknown command.
The vampire mosquito bites you but does no damage.
Your magical contamination has completely faded away.
The vampire mosquito barely misses you.
The six-headed hydra bites you but does no damage. x2
The six-headed hydra barely misses you. The six-headed hydra bites you! x2
* * * LOW HITPOINT WARNING * * *
The six-headed hydra completely misses you.
You take 21 damage, and have 39/135 hp.
Unknown command.
As you read the scroll of fear, it crumbles to dust.
You assume a fearsome visage.
The six-headed hydra looks frightened!
The very large slime creature looks frightened!
The bog body is unaffected.
The vampire mosquito is unaffected.
The six-headed hydra looks frightened!
The vampire mosquito misses you.
The vampire mosquito closely misses you.
The vampire mosquito completely misses you.
Aizul coils herself and waves her upper body at you.
The bolt of poison hits the vampire mosquito.
The vampire mosquito completely resists.
The bolt of poison misses you. The vampire mosquito bites you.
* * * LOW HITPOINT WARNING * * *
The vampire mosquito draws strength from your injuries!
The vampire mosquito bites you but does no damage.
You take 4 damage, and have 37/135 hp.
The vampire mosquito misses you. The vampire mosquito misses you.
The vampire mosquito barely misses you.
The shambling mangrove reaches out with a gnarled limb.
Grasping roots rise from the ground around the shambling mangrove!
The vampire mosquito bites you but does no damage.
Aim: a vampire mosquito Decaying hands burst forth from the earth!
Zombie hands grab the vampire mosquito.
Zombie hands grab Aizul.
The zombie hands constrict Aizul!!
The zombie hands constrict the vampire mosquito!
Roots grasp at your talons, making movement difficult.
The vampire mosquito misses you.
Aizul struggles to escape constriction.
The vampire mosquito bites you but does no damage.
You now have 0/42 mp.
The zombie hands constrict Aizul!
The zombie hands constrict the vampire mosquito!
You destroy the vampire mosquito!
Kikubaaqudgha accepts your kill.
Aizul struggles to escape constriction. x3
The zombie hands constrict Aizul!!
Aizul escapes!
Aizul casts a spell at you. The bolt of poison hits you!
You are poisoned.
* * * LOW HITPOINT WARNING * * *
Aizul coils herself and waves her upper body at you.
The bolt of poison hits you!
You are more poisoned.
* * * LOW HITPOINT WARNING * * *
You take 32 damage, and have 11/135 hp.
MASSIVE DAMAGE!!
Really read
Z - a scroll of blinking {!r}?
Blink to where?
You are very lightly contaminated with residual magic.
As you read the scroll of blinking {!r}, it crumbles to dust.
You escape the reach of the grasping roots.
* * * LOW HITPOINT WARNING * * *
You feel very sick.
You take 3 damage, and have 8/135 hp.
You feel better.
You regained 11 hp, and now have 19/135 hp.
Okay, then.
As you read the scroll of fog, it crumbles to dust.
The scroll dissolves into smoke.
Aizul coils herself and waves her upper body at you.
You resist with almost no effort.
You feel yourself speed up. Aizul completely misses you.
Aizul casts a spell at you. The poison arrow hits you!
You are poisoned.
You die...
Kikubaaqudgha rasps: "You have failed me!
Welcome... death!"

♣♣.≈♣ ♣♣♣♣≈♣.≈≈≈..≈≈≈....≈
♣.≈≈♣♣♣......≈≈≈..≈≈≈≈....
♣.≈.♣≈.......≈≈≈...≈≈≈≈.≈.
♣♣♣♣........≈..♣♣≈.≈≈≈..♣
♣≈..≈≈≈≈≈≈≈.≈♣♣♣♣.≈≈..♣
♣♣...≈≈≈≈≈≈≈.♣♣♣≈♣♣.♣♣♣♣
♣♣♣.≈≈≈≈≈≈≈..≈♣♣♣≈≈≈≈♣♣♣♣
♣≈.≈≈≈≈≈≈≈§§§♣♣.§..<..≈..≈
†÷≈≈≈≈≈≈≈≈§§§♣♣§@..≈≈....≈
.≈≈≈≈≈≈≈≈≈§§§§S§≈..§≈≈≈≈≈♣
.≈≈≈≈≈≈≈≈≈§§§♣♣§§..≈≈≈≈≈.♣
.≈≈≈≈≈.≈..§§§♣♣♣§..≈≈≈..♣≈
≈≈≈≈≈..nS...≈♣ ♣.≈..§≈.♣♣
≈..........≈♣♣ ...≈≈≈
.♣..≈n≈♣♣♣♣♣♣ ... ≈.≈≈fS♣♣
.§≈≈..♣♣♣♣


You could see Aizul.

Vanquished Creatures
  Gastronok (Lair:3)
  Frances (D:14)
  Kirke (D:13)
  An orc warlord (Orc:1)
  An ettin (Orc:2)
  A minotaur (Lab)
  Erolcha (D:9)
  Josephine (Swamp:1)
  4 vault guards (D:13)
  5 hydras
  A rakshasa (D:14)
  2 centaur warriors
  A death knight (D:15)
  A merfolk avatar (Lair:6)
  5 two-headed ogres
  2 alligators
  The ghost of Dioder the Eclecticist, a journeyman SpCj of Gozag (Lair:2)
  5 death yaks
  The ghost of wotfoxis the Thaumaturge, a novice DrTm of Qazlal (Lair:2)
  4 orc high priests (Orc:2)
  The ghost of Quirk the Blocker, a novice GnFi of Ashenzari (D:9)
  Sonja (D:14)
  Urug (Lair:5)
  6 skeletal warriors
  A spark wasp zombie (D:15)
  2 sea snakes (Lair:6)
  2 swamp dragons
  A phantasmal warrior (D:15)
  A wolf spider zombie (D:14)
  3 orc knights
  5 oklob plants
  2 lindwurms
  4 manticores
  3 orc sorcerers
  5 ugly things
  4 cyclopes
  A guardian serpent (Lair:3)
  2 black mambas
  A centaur zombie (D:14)
  A stone giant skeleton (D:15)
  An ice statue (IceCv)
  21 elephants
  2 torpor snails
  Psyche (D:11)
  A gargoyle (D:10)
  19 spiny frogs
  3 rime drakes
  7 yaktaurs
  A kobold demonologist (D:14)
  9 komodo dragons
  2 freezing wraiths (D:15)
  A tengu conjurer (D:13)
  14 polar bears
  6 trolls
  A wind drake (Lair:6)
  4 hornets
  2 tyrant leeches
  6 hippogriffs
  13 blink frogs
  21 slime creatures
  2 bog bodies
  8 dream sheep (Lair:6)
  Sigmund (D:5)
  An ettin zombie (D:15)
  A vampire (D:15)
  A centaur simulacrum (D:15)
  2 shadows
  4 spriggans
  3 wyverns
  2 hogs (D:13)
  28 yaks
  11 wraiths
  3 steam dragons
  3 basilisks
  A basilisk (shapeshifter) (D:14)
  3 hungry ghosts
  A human (D:13)
  16 vampire mosquitoes
  A warg (Orc:1)
  The ghost of Frank the Ducker, an amateur OpFi (D:3)
  4 insubstantial wisps (Swamp:1)
  An acid dragon (D:11)
  5 swamp worms
  8 water moccasins
  Duvessa (D:4)
  7 porcupines
  2 swamp drakes (Swamp:1)
  16 orc warriors
  3 sky beasts
  2 phantoms
  2 necrophages
  4 ice beasts
  21 ogres
  19 wolves
  5 centaurs
  21 crocodiles
  2 big kobolds
  3 gnoll sergeants (D:9)
  21 bullfrogs
  6 scorpions
  A wyvern skeleton (D:14)
  A water moccasin skeleton (D:10)
  Dowan (D:5)
  4 killer bees (D:10)
  4 electric eels
  8 wights
  12 crimson imps
  2 bullfrog zombies
  4 jellies
  A quasit (D:8)
  8 hounds
  23 orc wizards
  4 bullfrog skeletons
  15 orc priests
  A gnoll shaman (Orc:1)
  4 centaur skeletons
  2 iguanas
  8 worker ants
  2 hound zombies
  A worker ant zombie (D:11)
  A howler monkey zombie (D:9)
  2 gnolls (shapeshifter) (D:14)
  12 adders
  12 gnolls
  7 shadow imps
  3 oozes
  An adder zombie (D:5)
  4 adder skeletons
  A worm (D:3)
  3 dart slugs
  7 leopard geckos
  67 orcs
  8 bats
  5 giant cockroaches
  9 hobgoblins
  5 jackals
  18 kobolds
  3 quokkas
  3 ball pythons
  7 frilled lizards
  7 goblins
  A leopard gecko skeleton (D:4)
  A quokka skeleton (D:5)
  7 rats
  A bush (Lair:3)
  A butterfly (Lair:4)
  10 fungi
  9 plants
789 creatures vanquished.

Vanquished Creatures (collateral kills)
  An orc high priest (Orc:2)
  An elephant (Lair:3)
  A spiny frog (Lair:5)
  2 wargs (Orc:2)
  A water moccasin (Lair:5)
  A porcupine (Lair:5)
  4 orc warriors (Orc:2)
  2 bullfrogs (Lair:5)
  9 orc priests
  A jelly (Lair:6)
  4 orc wizards (Orc:2)
  2 gnolls (Orc:1)
  6 orcs
  A fungus (Lair:5)
  3 plants (Lair:5)
39 creatures vanquished.

Vanquished Creatures (others)
  A wolf (IceCv)
  10 fungi (Lair:6)
  3 plants (Lair:6)
  2 withered plants (D:15)
16 creatures vanquished.

Grand Total: 844 creatures vanquished

Notes
Turn   | Place    | Note
-------+----------+-------------------------------------------
     0 | D:1      | shakethe the Demonspawn Necromancer began the quest for the Orb.
     0 | D:1      | Reached XP level 1. HP: 13/13 MP: 3/3
   190 | D:1      | HP: 3/14 [dart slug/slug dart (4)]
   239 | D:1      | Gained mutation: You are partially covered in icy blue scales. (AC +2) [demonic ancestry]
   239 | D:1      | Reached XP level 2. HP: 3/20 MP: 1/5
   573 | D:1      | Reached skill level 1 in Fighting
   985 | D:1      | Reached XP level 3. HP: 25/26 MP: 3/6
  1685 | D:2      | Reached skill level 5 in Necromancy
  1808 | D:2      | Gained mutation: You are mostly covered in icy blue scales. (AC +3) [demonic ancestry]
  1808 | D:2      | Reached XP level 4. HP: 33/33 MP: 6/8
  1924 | D:2      | Reached skill level 2 in Fighting
  2335 | D:3      | Learned a level 3 spell: Regeneration
  2339 | D:3      | Learned a level 3 spell: Vampiric Draining
  2355 | D:3      | Reached skill level 3 in Spellcasting
  2987 | D:3      | Found a faded altar of an unknown god.
  3166 | D:3      | Noticed Frank's ghost (amateur OpFi)
  3391 | D:3      | Killed Frank's ghost
  3391 | D:3      | Reached skill level 3 in Fighting
  3391 | D:3      | Reached XP level 5. HP: 17/41 MP: 4/10
  3560 | D:3      | Found a deep blue altar of Sif Muna.
  3574 | D:3      | Reached XP level 6. HP: 47/47 MP: 9/11
  3875 | D:4      | Reached skill level 4 in Spellcasting
  3875 | D:4      | Reached skill level 6 in Necromancy
  4045 | D:4      | Got a faintly glowing scale mail
  4138 | D:4      | Identified the cursed +0 scale mail "Enutu" {MR+ rCorr} (You found it on level 4 of the Dungeon)
  4190 | D:3      | Learned a level 5 spell: Borgnjor's Vile Clutch
  4192 | D:3      | Learned a level 1 spell: Animate Skeleton
  4396 | D:4      | Reached skill level 4 in Fighting
  4396 | D:4      | Gained mutation: You have sharp toenails. [demonic ancestry]
  4396 | D:4      | Reached XP level 7. HP: 53/54 MP: 10/13
  5164 | D:4      | Reached skill level 7 in Necromancy
  5326 | D:5      | Entered Level 5 of the Dungeon
  5348 | D:5      | Reached skill level 5 in Spellcasting
  5368 | D:5      | Noticed Dowan
  5383 | D:5      | Noticed Duvessa
  5387 | D:5      | Killed Dowan
  5397 | D:4      | HP: 8/55 [Duvessa/short sword (8)]
  5470 | D:4      | Killed Duvessa
  5470 | D:4      | Reached skill level 5 in Fighting
  5470 | D:4      | Reached XP level 8. HP: 27/62 MP: 7/15
  5727 | D:4      | HP: 15/62 [something (6)]
  5740 | D:4      | HP: 12/62 [something (5)]
  6463 | D:5      | Noticed Sigmund
  6477 | D:5      | Killed Sigmund
  6477 | D:5      | Reached skill level 6 in Fighting
  6477 | D:5      | Reached skill level 6 in Spellcasting
  6477 | D:5      | Reached skill level 8 in Necromancy
  6756 | D:5      | Found a blossoming altar of Fedhas.
  6756 | D:5      | Found an ornate altar of the Wu Jian Council.
  6761 | D:5      | Found a sacrificial altar of Ru.
  6763 | D:5      | Found a faded altar of an unknown god.
  6766 | D:5      | Found a faded altar of an unknown god.
  7264 | D:5      | Learned a level 4 spell: Animate Dead
  7302 | D:6      | Reached skill level 1 in Earth Magic
  7307 | D:6      | Gained mutation: You are slightly more attuned to the shadows. [demonic ancestry]
  7307 | D:6      | Reached XP level 9. HP: 43/71 MP: 9/18
  7665 | D:6      | Reached skill level 2 in Earth Magic
  7924 | D:6      | Reached skill level 7 in Fighting
  7924 | D:6      | Reached skill level 9 in Necromancy
  7924 | D:6      | Reached skill level 3 in Earth Magic
  7935 | D:6      | Found a staircase to the Ecumenical Temple.
  7961 | Temple   | Entered the Ecumenical Temple
  8206 | Temple   | Became a worshipper of Kikubaaqudgha
  8475 | D:7      | Got a thick robe
  8517 | D:7      | Identified the +1 robe of the Skies Above {rElec Str+2} (You found it on level 7 of the Dungeon)
  8541 | D:7      | Reached skill level 4 in Earth Magic
  9368 | D:8      | Reached * piety under Kikubaaqudgha
  9368 | D:8      | Identified Kikubaaqudgha's Almanac of Necromancy (Kikubaaqudgha gifted it to you on level 8 of the Dungeon)
  9368 | D:8      | Received a gift from Kikubaaqudgha
  9375 | D:8      | Learned a level 2 spell: Sublimation of Blood
  9531 | D:8      | Reached skill level 2 in Dodging
  9531 | D:8      | Reached skill level 5 in Earth Magic
 10174 | D:9      | Reached XP level 10. HP: 41/80 MP: 12/19
 10462 | D:9      | Reached skill level 1 in Armour
 10553 | D:9      | Noticed Quirk's ghost (novice GnFi)
 10654 | D:9      | Noticed a two-headed ogre
 10658 | D:9      | Killed a two-headed ogre
 10658 | D:9      | Reached skill level 8 in Fighting
 10915 | D:9      | Reached ** piety under Kikubaaqudgha
 10920 | D:9      | Reached skill level 3 in Dodging
 10920 | D:9      | Reached skill level 6 in Earth Magic
 10971 | D:9      | Reached skill level 2 in Armour
 10971 | D:9      | Reached skill level 10 in Necromancy
 11380 | D:9      | Noticed Erolcha
 11472 | D:9      | Killed Erolcha
 11472 | D:9      | Reached skill level 7 in Spellcasting
 11706 | D:9      | Found a staircase to the Orcish Mines.
 11708 | D:9      | Reached skill level 3 in Armour
 11865 | D:9      | Gained mutation: You are significantly more attuned to the shadows. [demonic ancestry]
 11865 | D:9      | Reached XP level 11. HP: 59/87 MP: 10/21
 12359 | D:9      | Found a hide-covered altar of Uskayaw.
 12563 | D:9      | HP: 4/87 [Quirk's ghost (25)]
 13013 | D:10     | Entered Level 10 of the Dungeon
 13048 | D:10     | Reached skill level 4 in Dodging
 13164 | D:10     | Found Xole's Distillery.
 13922 | D:11     | Reached skill level 2 in Stealth
 13960 | D:11     | Noticed Psyche
 13963 | D:11     | Killed Psyche
 14050 | D:11     | Found a shimmering altar of Xom.
 14109 | D:11     | Reached *** piety under Kikubaaqudgha
 14109 | D:11     | Identified Kikubaaqudgha's Papyrus of Unholy Arts (Kikubaaqudgha gifted it to you on level 11 of the Dungeon)
 14109 | D:11     | Received a gift from Kikubaaqudgha
 14266 | D:11     | Noticed a green ugly thing
 14270 | D:11     | Killed a green ugly thing
 14312 | D:11     | Reached skill level 9 in Fighting
 14361 | D:11     | Reached skill level 4 in Armour
 14361 | D:11     | Reached skill level 7 in Earth Magic
 14364 | D:11     | HP: 18/89 [troll (12)]
 14366 | D:11     | HP: 1/89 [troll (19)]
 14898 | D:11     | Found a burning altar of Makhleb.
 14944 | D:11     | Found a staircase to the Lair.
 15454 | D:12     | Reached skill level 3 in Stealth
 15772 | D:11     | Identified 2 scrolls of acquirement
 15984 | D:3      | Identified Sif Muna's Reference Book on the Volcanoes
 16174 | D:11     | Identified the Reference Book on Heat and Intoxication (You acquired it on level 11 of the Dungeon)
 16177 | Lair:1   | Entered Level 1 of the Lair of Beasts
 16616 | Lair:1   | Reached skill level 5 in Dodging
 16616 | Lair:1   | Reached skill level 11 in Necromancy
 17236 | Lair:2   | Found a staircase to the Swamp.
 17261 | Lair:2   | Noticed wotfoxis's ghost (novice DrTm)
 17262 | Lair:2   | Noticed Dioder's ghost (journeyman SpCj)
 17463 | D:11     | Learned a level 5 spell: Dispel Undead
 17500 | Lair:2   | Reached skill level 8 in Spellcasting
 17533 | Lair:2   | Killed Dioder's ghost
 17640 | Lair:2   | Killed wotfoxis's ghost
 17689 | Lair:2   | Reached XP level 12. HP: 96/96 MP: 16/24
 17848 | Lair:2   | Found a sacrificial altar of Ru.
 18154 | Lair:3   | Reached **** piety under Kikubaaqudgha
 18178 | Lair:3   | Reached skill level 4 in Stealth
 18189 | Lair:3   | Reached skill level 5 in Armour
 18211 | Lair:3   | HP: 24/97 [elephant (12)]
 18216 | Lair:3   | HP: 10/97 [elephant (16)]
 18655 | Lair:3   | Found a frozen archway.
 18670 | IceCv    | Entered an ice cave
 19181 | IceCv    | Reached skill level 6 in Dodging
 19181 | IceCv    | Reached skill level 8 in Earth Magic
 19363 | IceCv    | Reached skill level 5 in Stealth
 19429 | IceCv    | Reached skill level 10 in Fighting
 19618 | IceCv    | Noticed a death yak
 19627 | IceCv    | Killed a death yak
 19627 | IceCv    | Reached ***** piety under Kikubaaqudgha
 20179 | Lair:3   | Reached skill level 6 in Armour
 20486 | Lair:3   | Noticed Gastronok
 20513 | Lair:3   | Reached XP level 13. HP: 98/103 MP: 3/25
 20554 | Lair:3   | Killed Gastronok
 20554 | Lair:3   | Reached skill level 9 in Spellcasting
 20792 | Lair:3   | Reached skill level 12 in Necromancy
 20831 | Lair:3   | Found a staircase to the Snake Pit.
 20952 | Lair:3   | Learned a level 2 spell: Blink
 21131 | Lair:1   | Got an iridescent mace
 21803 | Lair:4   | Reached skill level 6 in Stealth
 21807 | Lair:4   | Reached skill level 1 in Translocations
 21812 | Lair:4   | Reached skill level 7 in Dodging
 21887 | Lair:4   | Got a fine whip
 21888 | Lair:4   | Identified the cursed +1 whip of Putrescence {slash, *Contam rPois Str+3 Int+5} (You found it on level 4 of the Lair of Beasts)
 22981 | Lair:5   | Noticed Urug
 22988 | Lair:5   | Killed Urug
 23219 | Lair:5   | Reached skill level 2 in Translocations
 23422 | Lair:5   | Reached skill level 9 in Earth Magic
 24524 | Lair:6   | Entered Level 6 of the Lair of Beasts
 24581 | Lair:6   | Reached skill level 7 in Armour
 24775 | Lair:6   | Reached skill level 3 in Translocations
 24775 | Lair:6   | Reached XP level 14. HP: 60/111 MP: 15/27
 24902 | Lair:6   | Reached skill level 7 in Stealth
 25071 | Lair:6   | Reached skill level 11 in Fighting
 25449 | Lair:6   | Found a staircase to the Slime Pits.
 25796 | Lair:6   | Reached ****** piety under Kikubaaqudgha
 26001 | Lair:6   | Reached skill level 8 in Dodging
 26001 | Lair:6   | Reached skill level 4 in Translocations
 26039 | Lair:6   | Reached skill level 10 in Spellcasting
 26069 | Lair:6   | Found the macabre finger necklace {rN+}
 26080 | Lair:6   | HP: 21/113 [drowned by a drowned soul[a merfolk avatar] (20)]
 26080 | Lair:6   | HP: 1/113 [drowned by a drowned soul[a merfolk avatar] (20)]
 26089 | Lair:6   | HP: 22/113 [drowned by a drowned soul[a merfolk avatar] (10)]
 26202 | Lair:6   | Got a slimy wooden ring
 26203 | Lair:6   | Identified the ring of Lizuuleo {MR+ Int+5} (You found it on level 6 of the Lair of Beasts)
 26220 | Lair:6   | Got a crude amber ring
 26222 | Lair:6   | Identified the ring "Vyllyutef" {Ice Int+4 Dex+3 Stlth-} (You found it on level 6 of the Lair of Beasts)
 26254 | Lair:6   | Got a heavily runed scale mail
 27568 | D:13     | Reached skill level 13 in Necromancy
 28359 | Orc:1    | Entered Level 1 of the Orcish Mines
 28386 | Orc:1    | Noticed an orc warlord
 28395 | Orc:1    | Killed an orc warlord
 28396 | Orc:1    | Reached skill level 8 in Stealth
 28627 | D:9      | Killed Quirk's ghost
 29203 | Orc:2    | Entered Level 2 of the Orcish Mines
 29377 | Orc:2    | Reached skill level 10 in Earth Magic
 29415 | Orc:2    | Gained mutation: You have razor-sharp toenails. [demonic ancestry]
 29415 | Orc:2    | Reached XP level 15. HP: 67/120 MP: 2/29
 29756 | Orc:2    | Found a roughly hewn altar of Beogh.
 30032 | Orc:2    | Found Koitwob's Food Shoppe.
 30033 | Orc:2    | Found Virobbe's General Store.
 30034 | Orc:2    | Found Ecoacvos's Antique Armour Emporium.
 30035 | Orc:2    | Found Jeinocod's Food Emporium.
 30167 | Orc:2    | Found a staircase to the Elven Halls.
 30636 | Orc:2    | Received a gift from Kikubaaqudgha
 30848 | D:11     | Learned a level 5 spell: Bolt of Draining
 31310 | D:13     | Found a gate to the Vaults.
 31961 | D:13     | Noticed Kirke
 31966 | D:13     | Killed Kirke
 31966 | D:13     | Reached skill level 9 in Dodging
 32197 | D:14     | Reached skill level 12 in Fighting
 32221 | D:14     | Found Kopralue's Food Shoppe.
 32510 | D:14     | Noticed Frances
 32513 | D:14     | Killed Frances
 32519 | D:14     | Noticed Sonja
 32521 | D:14     | Killed Sonja
 32524 | D:14     | Reached skill level 9 in Stealth
 32528 | D:14     | HP: 23/120 [poisoned by Sonja (curare-tipped needle)]
 32533 | D:14     | HP: 30/120 [poisoned by Sonja (curare-tipped needle)]
 32637 | D:13     | Reached skill level 11 in Spellcasting
 32637 | D:13     | Reached skill level 3 in Conjurations
 32637 | D:13     | Reached XP level 16. HP: 127/127 MP: 31/31
 33183 | D:14     | Found a shimmering altar of Xom.
 33185 | D:14     | Found a shimmering altar of Xom.
 33185 | D:14     | Found a shimmering altar of Xom.
 33185 | D:14     | Found a shimmering altar of Xom.
 33189 | D:14     | Found a shimmering altar of Xom.
 33210 | D:14     | Reached skill level 4 in Conjurations
 33284 | D:15     | Entered Level 15 of the Dungeon
 33494 | D:15     | Found an opulent altar of Gozag.
 33595 | D:15     | Found a labyrinth entrance.
 33602 | Lab      | Entered a labyrinth
 33903 | Lab      | Gained mutation: Your magical capacity is low. (-10% MP) [mutagenic glow]
 33904 | Lab      | Lost mutation: Your magical capacity is low. (-10% MP) [potion of mutation]
 33904 | Lab      | Gained mutation: Your natural rate of healing is unusually fast. [potion of mutation]
 33904 | Lab      | Gained mutation: Your mind is acute. (Int +2) [potion of mutation]
 33904 | Lab      | Gained mutation: You tend to lose your temper in combat. [potion of mutation]
 33904 | Lab      | Gained mutation: You have a pair of small horns on your head. [potion of mutation]
 33905 | Lab      | Lost mutation: You have a pair of small horns on your head. [potion of mutation]
 33905 | Lab      | Lost mutation: You tend to lose your temper in combat. [potion of mutation]
 33905 | Lab      | Lost mutation: Your mind is acute. (Int +2) [potion of mutation]
 33905 | Lab      | Gained mutation: Armour fits poorly on your strangely shaped body. [potion of mutation]
 33905 | Lab      | Gained mutation: You can translocate small distances at will. [potion of mutation]
 34373 | D:11     | Learned a level 2 spell: Swiftness
 34726 | Swamp:1  | Entered Level 1 of the Swamp
 35113 | Swamp:1  | Noticed Josephine
 35121 | Swamp:1  | Killed Josephine
 35579 | Swamp:2  | Reached skill level 14 in Necromancy
 35579 | Swamp:2  | Reached skill level 1 in Short Blades
 35794 | Swamp:2  | Gained mutation: You have claws for feet. [demonic ancestry]
 35794 | Swamp:2  | Reached XP level 17. HP: 135/135 MP: 16/32
 35949 | Swamp:2  | Noticed Aizul
 35965 | Swamp:2  | HP: 27/135 [Aizul/bolt of poison (17)]
 35965 | Swamp:2  | HP: 11/135 [Aizul/bolt of poison (16)]
 35973 | Swamp:2  | Killed from afar by Aizul

Skill      XL: |  1  2  3  4  5  6  7  8  9 10 11 12 13 14 15 16 |
---------------+-------------------------------------------------+-----
Fighting       | 1 3 4 5 6 7 8 9 10 11 12 | 12.5
Necromancy     | 5 6 7 8 9 10 11 12 13 14 | 14.1
Spellcasting   | 3 4 5 6 7 8 9 10 11 | 11.8
Earth Magic    | 1 5 6 7 8 9 10 | 10.7
Dodging        | 2 3 5 6 7 8 9 |  9.8
Armour         | 3 4 6 7 |  7.0
Stealth        | 3 5 6 8 9 |  9.4
Translocations | 3 4 |  4.1
Conjurations   | 3 4 |  4.6
Short Blades   | 1 |  1.9

Action                   |  1- 3 |  4- 6 |  7- 9 | 10-12 | 13-15 | 16-18 || total
-------------------------+-------+-------+-------+-------+-------+-------++-------
Melee: Dagger            |     3 |       |       |       |       |       ||     3
       Whip              |     6 |   118 |   252 |   224 |   294 |    13 ||   907
       Short sword       |       |     4 |       |       |       |       ||     4
       Staff             |       |       |       |    24 |       |       ||    24
       Pair of quick bla |       |       |       |       |       |    60 ||    60
       Kick              |       |       |       |       |       |     1 ||     1
 Cast: Pain              |    70 |    36 |    69 |    31 |    17 |       ||   223
       Regeneration      |       |     5 |     9 |    19 |    20 |    22 ||    75
       Vampiric Draining |       |     2 |    16 |     9 |    29 |       ||    56
       Borgnjor's Vile C |       |       |    14 |   141 |   225 |    46 ||   426
       Sublimation of Bl |       |       |       |     4 |    23 |    26 ||    53
       Animate Skeleton  |       |       |       |     4 |       |       ||     4
       Dispel Undead     |       |       |       |     3 |     7 |    31 ||    41
       Animate Dead      |       |       |       |     2 |    15 |       ||    17
       Blink             |       |       |       |       |     2 |       ||     2
       Bolt of Draining  |       |       |       |       |    38 |    68 ||   106
Invok: Receive Corpses   |       |       |       |     3 |       |       ||     3
       Receive Necronomi |       |       |       |       |     1 |       ||     1
 Abil: Blink             |       |       |       |       |       |     2 ||     2
Evoke: Staff of energy   |       |       |       |    13 |     5 |       ||    18
       Wand              |       |       |       |       |       |     1 ||     1
  Use: Scroll            |       |     4 |     5 |    12 |    11 |    11 ||    43
       Potion            |       |       |     1 |     5 |     4 |     4 ||    14
 Stab: Sleeping          |       |     1 |     1 |     6 |       |       ||     8
       Distracted        |       |       |     1 |       |     1 |       ||     2
  Eat: Chunk             |     3 |     7 |    21 |    42 |    37 |     6 ||   116
       Ration            |       |     1 |     1 |     4 |     6 |     2 ||    14
Armor: Robe              |    15 |    36 |    53 |       |       |       ||   104
       Steam dragon scal |       |       |    54 |    60 |       |       ||   114
       Skin              |       |       |     4 |       |       |       ||     4
       Acid dragon scale |       |       |       |    89 |   215 |    68 ||   372
Dodge: Dodged            |    29 |    67 |   157 |   318 |   375 |   147 ||  1093

Vault maps used:
D:1:      mrwooster_arrival_statue_3
D:2:      minmay_bisected
D:3:      kennysheep_big_flooded_room, first_ration,
          chequers_ecumenical_altar_grove, minivault_23, grunt_ministairs_14,
          led_sif_book
D:4:      serial_bayou_ford_a
D:5:      kennysheep_steamy, chequers_temple_overflow_minitemple, uniq_duvessa,
          uniq_sigmund
D:6:      minmay_temple_entry_grid, kb_lookout_dungeons_type,
          hangedman_decor_peaks_small
D:8:      serial_corexii_hall, corexii_hall_statues_i, corexii_hall_statues_x
D:9:      kennysheep_little_box, kennysheep_orc_monster_closet_entryway,
          uniq_erolcha
D:10:     serial_shops, nicolae_shop_behind_doors
D:11:     lair_entry_dummy, basic_altar, grunt_ogre_cave, bloody_makhleb,
          uniq_psyche
D:12:     minivault_24, mumra_transporter_accident
D:13:     grunt_vaults_entry_fortified, nicolae_wwwww, uniq_kirke
D:14:     serial_shops, nicolae_shop_temple_entry_statues_fountains,
          serial_bayou_pond_d, xom_shifter_show, uniq_frances, uniq_sonja
D:15:     gammafunk_depths_entry_grave, minmay_misc_feat_columns,
          lab_entry_generic, minmay_ruined_shrine
Temple:   eino_narrow_crystal_temple
Lair:1:   lemuel_fruit_tree
Lair:2:   swamp_mist, basic_altar, grunt_megastairs_1
Lair:3:   minmay_snake_entry_spellcaster, portal_ice_cave_rime,
          minmay_lair_oklob_items, beast_lair_carwin_5, grunt_megastairs_4,
          uniq_gastronok
Lair:4:   infiniplex_staircase_pool, minmay_lair_oklob_chamber,
          lemuel_fruit_fields
Lair:5:   serial_bayou_pond_b, st_stairs_6, serial_bayou_shore_b,
          serial_bayou_shore_b, uniq_urug
Lair:6:   gammafunk_lair_ancient_temple, minmay_slime_entry_pillars
Swamp:1:  serial_swamp_ruin, evilmike_swamp_ruin_house_2,
          evilmike_swamp_ruin_rubble_1, uniq_josephine
Swamp:2:  evilmike_swamp_ruin_rubble_2, swamp_pool5, uniq_aizul
Orc:2:    st_orc_mages, bh_open_orc_temple
Lab:      labyrinth_mini_lab, nicolae_lab_garden, labyrinth_skeletal_remains,
          nicolae_lab_hexagon
IceCv:    ice_cave_caverns_02

Table legend:
 A = Turns spent in this place as a percentage of turns spent in the entire game.
 B = Non-inter-level travel turns spent in this place as a percentage of non-inter-level travel turns spent in the entire game.
 C = Inter-level travel turns spent in this place as a percentage of turns spent in this place.
 D = Turns resting spent in this place as a percentage of non-inter-level travel turns spent in this place.
 E = Turns spent auto-exploring this place as a percentage of non-inter-level travel turns spent in this place.
 F = Non-inter-level travel turns spent in this place divided by the number of levels of this place that you've seen.
                   A       B       C       D       E      F
               +-------+-------+-------+-------+-------+----------------------
         Total | 100.0 | 100.0 |   4.8 |  22.9 |  40.3 | 1223.7
       Dungeon |  60.1 |  59.7 |   5.4 |  25.2 |  38.7 | 1364.6
        Temple |   0.7 |   0.7 |  14.6 |   0.0 |  93.3 | 223.0
          Lair |  24.9 |  24.7 |   5.6 |  18.4 |  47.9 | 1410.7
         Swamp |   3.5 |   3.6 |   0.1 |  13.0 |  48.0 | 623.0
  Orcish Mines |   5.8 |   6.1 |   0.4 |  12.0 |  35.7 | 1046.5
     Labyrinth |   0.9 |   0.9 |   0.0 |   0.0 |   0.0 | 315.0
      Ice Cave |   4.0 |   4.2 |   0.0 |  50.3 |  20.0 | 1453.0
               +-------+-------+-------+-------+-------+----------------------

Table legend:
 A = Kills in this place as a percentage of kills in entire the game.
 B = Kills by you in this place as a percentage of kills by you in the entire game.
 C = Kills by friends in this place as a percentage of kills by friends in the entire game.
 D = Other kills in this place as a percentage of other kills in the entire game.
 E = Experience gained in this place as a percentage of experience gained in the entire game.
 F = Experience gained in this place divided by the number of levels of this place that you have seen.
                   A       B       C       D       E      F
               +-------+-------+-------+-------+-------+----------------------
         Total | 100.0 | 100.0 | 100.0 |   N/A | 100.0 | 5801.9
       Dungeon |  54.3 |  56.8 |   0.0 |   N/A |  40.5 | 4388.6
          Lair |  22.2 |  22.3 |  20.0 |   N/A |  35.7 | 9671.0
         Swamp |   7.0 |   7.3 |   0.0 |   N/A |  10.6 | 8636.5
  Orcish Mines |  11.6 |   8.5 |  80.0 |   N/A |   7.5 | 6086.0
     Labyrinth |   0.1 |   0.1 |   0.0 |   N/A |   0.7 | 1071.0
      Ice Cave |   4.9 |   5.1 |   0.0 |   N/A |   5.0 | 8083.0
               +-------+-------+-------+-------+-------+----------------------
